 Dungeon Crawl Stone Soup version 0.31-b1-18-g61460d1e46 (webtiles) character file.

Game seed: 1534034704030947397

147 jondo1214 the Grave Robber (level 5, -1/38 HPs)
             Began as a Demonspawn Necromancer on Jan 16, 2024.
             Incinerated by a bombardier beetle (6 damage)
             ... with a burning spray
             ... on level 3 of the Dungeon.
             The game lasted 00:08:38 (2266 turns).

jondo1214 the Grave Robber (Demonspawn Necromancer) Turns: 2266, Time: 00:08:39

Health: -1/38      AC: 12    Str:  8    XL:     5   Next: 7%
Magic:  2/8        EV: 12    Int: 18    God:
Gold:   127        SH:  0    Dex: 19    Spells: 5/9 levels left

rFire   x . .        f - +2 short sword (protect)
rCold   + . .        (no shield)
rNeg    . . .        a - +0 robe
rPois   .            d - +0 helmet
rElec   .            j - +0 cloak
rCorr   .            (no gloves)
SInv    .            n - +0 pair of boots
Will    .....        (no amulet)
Stlth   +            c - ring of ice
HPRegen 0.26/turn    o - +6 ring of dexterity
MPRegen 0.11/turn

%: no passive effects
@: on fire, under a protective aura, glowing
A: claws 2, spiny 1
a: no special abilities


You were on level 3 of the Dungeon.
You visited 1 branch of the dungeon, and saw 3 of its levels.

You collected 127 gold pieces.

Inventory:

Hand Weapons
 f - a +2 short sword of protection (weapon)
Armour
 a - a +0 robe (worn)
 d - a +0 helmet (worn)
 j - a +0 cloak (worn)
 n - a +0 pair of boots (worn)
Jewellery
 c - a ring of ice (left claw)
 g - an amulet of guardian spirit
 o - a +6 ring of dexterity (right claw)
Scrolls
 e - a scroll of enchant armour {unknown}
 i - 2 scrolls of noise
 l - 2 scrolls of amnesia
Potions
 b - a potion of magic
 h - a potion of might {unknown}
 k - a potion of cancellation
 p - a potion of heal wounds {unknown}


   Skills:
 * Level 1.6 Fighting
 + Level 1.2 Short Blades
 * Level 1.2 Armour
 + Level 1.8 Dodging
 * Level 2.2 Stealth
 * Level 2.6 Spellcasting
 * Level 5.3 Necromancy


You had 5 spell levels left.
You knew the following spells:

 Your Spells              Type           Power      Damage    Failure   Level
a - Necrotise             Necr           84%        1d8       1%          1
b - Vampiric Draining     Necr           21%        2d7       5%          3

Your spell library contained the following spells:

 Spells                   Type           Power      Damage    Failure   Level
 Animate Dead             Necr           21%        N/A       19%         4
 Curse of Agony           Necr           21%        N/A       45%         5


Dungeon Overview and Level Annotations

Branches:
Dungeon (3/15)

Altars:
Fedhas

Annotations:
D:3 Terence


Innate Abilities, Weirdness & Mutations

You have very sharp fingernails.
You are partially covered in sharp spines.


Message History

The bombardier beetle is almost dead.
Terence closely misses you.
You hit the bombardier beetle.
The bombardier beetle is almost dead.
The bombardier beetle barely misses you.
Terence is struck by your spines. Terence hits you with a +0 flail.
You hit the bombardier beetle but do no damage.
The bombardier beetle is almost dead.
Terence hits you with a +0 flail.
You closely miss the bombardier beetle.
The bombardier beetle is almost dead.
The bombardier beetle sprays incendiary fluid at you.
The burning spray hits you.
You are covered in liquid fire!
Terence hits you with a +0 flail.
Casting: Necrotise (safe; 1% risk of failure)
Confirm with . or Enter, or press ? or * to list all spells.
Aiming: Vampiric Draining (dangerous; 6% risk of failure)
Press: ? - help, Shift-Dir - straight line, f/p - bombardier beetle
Aim: a bombardier beetle (almost dead)
You draw life force from the bombardier beetle!
You kill the bombardier beetle!
You feel life coursing into your body. The liquid fire burns you!
Terence hits you but does no damage.
You have reached level 5!
Your demonic ancestry asserts itself...
Your fingernails sharpen.
You shake off some of the fire as you move.
The liquid fire burns you! Terence closely misses you.
You closely miss Terence.
Terence is lightly wounded.
The liquid fire burns you!
* * * LOW HITPOINT WARNING * * *
Terence completely misses you.
You completely miss Terence.
Terence is lightly wounded.
The liquid fire burns you!
You die...

#..#
###....##########.#####
##.## #.#### #.#
#..####.# #.# ##......#
####.# ###....#
######....# #....#
###......####
########...######
.........### ##.....@@#
#.............
.........######
.......... ###########


You could see Terence.

Vanquished Creatures
  2 bombardier beetles (D:3)
  Jessica (D:3)
  An adder (D:2)
  A dart slug (D:1)
  2 ribbon worms (D:2)
  4 ball pythons
  6 endoplasms
  2 giant cockroaches (D:2)
  4 hobgoblins
  2 quokkas
  3 bats
  3 frilled lizards
  3 goblins
  6 kobolds
  2 rats (D:1)
42 creatures vanquished.

Notes
Turn   | Place    | Note
-------+----------+-------------------------------------------
     0 | D:1      | jondo1214 the Demonspawn Necromancer began the quest for
                  | the Orb.
     0 | D:1      | Reached XP level 1. HP: 13/13 MP: 3/3
   414 | D:1      | Gained mutation: You are partially covered in sharp spines.
                  | [demonic ancestry]
   414 | D:1      | Reached XP level 2. HP: 20/20 MP: 5/5
   541 | D:1      | Reached skill level 5 in Necromancy
  1332 | D:2      | Reached XP level 3. HP: 5/25 MP: 4/6
  1445 | D:2      | Reached skill level 1 in Fighting
  1929 | D:3      | Learned a level 3 spell: Vampiric Draining
  1983 | D:3      | Noticed Jessica
  1986 | D:3      | Killed Jessica
  1987 | D:3      | Reached skill level 1 in Armour
  1987 | D:3      | Gained mutation: You have sharp fingernails. [demonic
                  | ancestry]
  1987 | D:3      | Reached XP level 4. HP: 32/32 MP: 7/7
  2041 | D:3      | Found a blossoming altar of Fedhas.
  2081 | D:3      | Reached skill level 1 in Short Blades
  2255 | D:3      | Noticed Terence
  2264 | D:3      | Gained mutation: You have very sharp fingernails. [demonic
                  | ancestry]
  2264 | D:3      | Reached XP level 5. HP: 20/38 MP: 2/8
  2266 | D:3      | Incinerated by a bombardier beetle

Illustrated notes

Levels and vault maps discovered:
D:1:      dpeg_arrival_boxorama, layout_basic, serial_forest,
          infiniplex_forest_straight_3, infiniplex_forest_lined_2,
          infiniplex_forest_straight_2, infiniplex_forest_straight_3,
          infiniplex_forest_clump_diagonal, infiniplex_forest_lined_3_way,
          infiniplex_forest_clump_medium, infiniplex_forest_pool,
          infiniplex_forest_end_3, infiniplex_forest_clump_tiny
D:2:      layout_basic
D:3:      layout_rooms, fedhas_altar_1, eino_tiny_chamber, uniq_jessica,
          uniq_terence

Skill      XL: |  1  2  3  4 |
---------------+-------------+-----
Necromancy     | 5 |  5.3
Fighting       | 1 |  1.6
Armour         | 1 |  1.2
Stealth        | 2 |  2.2
Short Blades   | 1 |  1.2
Dodging        | |  1.8
Spellcasting   | |  2.6

Action                     |  1- 3 |  4- 6 || total
---------------------------+-------+-------++-------
  Melee: Dagger            |    10 |       ||    10
         Short sword       |    66 |    13 ||    79
   Cast: Necrotise         |    22 |     4 ||    26
         Vampiric Draining |       |     2 ||     2
    Use: Scroll            |     9 |     2 ||    11
   Stab: Sleeping          |     4 |       ||     4
 Armour: Robe              |    33 |     8 ||    41
  Dodge: Dodged            |    37 |     6 ||    43
